 Dungeon Crawl Stone Soup version 0.26-b1-32-g5d43845318 (webtiles) character file.

Game seed: 3628568464512812187

108590 Aviak the Champion of Chaos (level 16, -25/152 HPs)
             Began as a Deep Dwarf Fighter on Jan 12, 2021.
             Was the Champion of Makhleb.
             Annihilated by a titanic slime creature (76 damage)
             ... on level 13 of the Dungeon.
             The game lasted 00:22:28 (15682 turns).

Aviak the Champion of Chaos (Deep Dwarf Fighter)   Turns: 15682, Time: 00:22:29

Health: -25/152    AC: 32    Str: 42    XL:     16   Next: 2%
Magic:  14/14      EV:  8    Int:  8    God:    Makhleb [******]
Gold:   1881       SH: 33    Dex: 12    Spells: 15/15 levels left

rFire    + + .     SeeInvis .   z - +5 broad axe (spect)
rCold    . . .     Faith    .   M - +10 tower shield of Ignorance {rN+ Int-4}
rNeg     + + .     Spirit   .   E - +2 plate armour {rF+}
rPois    +         Reflect  .   L - +1 helmet "Vistepiu" {Str+6}
rElec    .         Harm     .   p - +1 cloak
rCorr    .         Rampage  .   Z - +2 pair of gloves {Str+3}
Will     ++...                  x - +0 pair of boots
Stlth    ..........             P - amulet "Duxtol" {RegenMP *Slow rPois rF+ Str+3}
HPRegen  0.00/turn              K - +6 ring of strength
MPRegen  0.39/turn              A - +4 ring of protection

@: non-regenerating
A: damage resistance, heal wounds, negative energy resistance 1, sense
surroundings 2, no regeneration
a: Heal Wounds, Renounce Religion, Minor Destruction, Lesser Servant of Makhleb,
Major Destruction, Greater Servant of Makhleb


You were on level 13 of the Dungeon.
You worshipped Makhleb.
Makhleb was exalted by your worship.
You visited 4 branches of the dungeon, and saw 22 of its levels.
You also visited: Bailey and Gauntlet.

You collected 2874 gold pieces.
You spent 993 gold pieces at shops.

Inventory:

Hand Weapons
 z - a +5 spectral broad axe (weapon)
 B - a +2 war axe of freezing
Armour
 c - a scarf of invisibility
 p - a +1 cloak (worn)
 x - a +0 pair of boots (worn)
 E - a +2 plate armour of fire resistance (worn)
 L - the +1 helmet "Vistepiu" (worn) {Str+6}
   (You found it in a Gauntlet)

   It affects your strength (+6).
 M - the +10 tower shield of Ignorance (worn) {rN+ Int-4}
   (You found it in a Gauntlet)

   It affects your intelligence (-4).
   It protects you from negative energy.
 Z - a +2 pair of gloves of strength (worn)
Jewellery
 A - a +4 ring of protection (right hand)
 C - an uncursed ring of resist corrosion
 F - a +6 ring of dexterity
 K - a +6 ring of strength (left hand)
 O - the ring of Yvote {+Inv rF- rN+ Will+ Str+2}
   (You found it in a Gauntlet)

   [ring of positive energy]

   It affects your strength (+2).
   It makes you vulnerable to fire.
   It protects you from negative energy.
   It affects your willpower, your defense against some magical effects.
   It lets you turn invisible.
 P - the amulet "Duxtol" (around neck) {RegenMP *Slow rPois rF+ Str+3}
   (You took it off a minotaur in a Gauntlet)

   [amulet of magic regeneration]

   It increases your magic regeneration.
   It affects your strength (+3).
   It protects you from fire.
   It protects you from poison.
   It may slow you when you take damage.
 U - an uncursed ring of fire
 V - an uncursed ring of ice
Wands
 b - a wand of polymorph (8)
 d - a wand of paralysis (30)
 m - a wand of iceblast (11)
 u - a wand of disintegration (9)
 y - a wand of flame (24)
 D - a wand of digging (11)
 Q - a wand of acid (11)
 X - a wand of random effects (15)
Scrolls
 i - 3 scrolls of identify
 k - 5 scrolls of immolation
 n - 4 scrolls of enchant armour
 o - 4 scrolls of magic mapping
 r - 7 scrolls of remove curse
 t - 13 scrolls of teleportation
 G - 4 scrolls of amnesia
 N - 2 scrolls of vulnerability {!r}
 R - 3 scrolls of silence {!r}
 Y - 3 scrolls of holy word
Potions
 a - 4 potions of resistance
 e - 6 potions of lignification {!q}
 g - 4 potions of brilliance
 h - 11 potions of heal wounds
 j - 16 potions of curing
 l - 2 potions of cancellation {unknown}
 q - 4 potions of might
 s - a potion of haste {unknown}
 v - 4 potions of flight {unknown}
 w - 6 potions of ambrosia
 I - a potion of invisibility
 J - a potion of attraction
 W - a potion of mutation {!q}
Miscellaneous
 H - a lightning rod (4/4)
 T - a condenser vane


   Skills:
 + Level 11.9 Fighting
 + Level 13.6 Axes
 + Level 13.8 Armour
 + Level 2.2 Dodging
 + Level 13.8 Shields
 - Level 14.0 Invocations
 - Level 8.6 Evocations


You had 15 spell levels left.
You didn't know any spells.
Your spell library contained the following spells:

 Spells                   Type           Power        Failure   Level
 Animate Skeleton         Necr           0%           100%        1
 Apportation              Tloc           0%           100%        1
 Corona                   Hex            0%           100%        1
 Pain                     Necr           0%           100%        1
 Sandblast                Erth           0%           100%        1
 Shock                    Conj/Air       0%           100%        1
 Summon Small Mammal      Summ           0%           100%        1
 Passwall                 Tmut/Erth      0%           100%        2
 Swiftness                Air            0%           100%        2
 Static Discharge         Conj/Air       0%           100%        3
 Stone Arrow              Conj/Erth      0%           100%        3
 Vampiric Draining        Necr           0%           100%        3
 Airstrike                Air            0%           100%        4
 Animate Dead             Necr           0%           100%        4
 Ice Form                 Ice/Tmut       0%           100%        4
 Petrify                  Tmut/Erth      0%           100%        4
 Agony                    Necr           0%           100%        5
 Lee's Rapid Deconstruct  Erth           0%           100%        5
 Lightning Bolt           Conj/Air       0%           100%        5
 Metabolic Englaciation   Hex/Ice        0%           100%        5
 Freezing Cloud           Conj/Ice/Air   0%           100%        6
 Ozocubu's Refrigeration  Ice            0%           100%        6
 Simulacrum               Ice/Necr       0%           100%        6
 Ignition                 Fire           0%           100%        8
 Shatter                  Erth           0%           100%        9
 Tornado                  Air            0%           100%        9


Dungeon Overview and Level Annotations

Branches:
Dungeon (13/15)            Temple (1/1) D:6            Lair (6/6) D:8
 Shoals (0/4) Lair:2       Spider (0/4) Lair:3        Slime (0/5) Lair:6
    Orc (2/2) D:12            Elf (0/3) Orc:2        Bailey (visited)
Gauntlet (visited)
 Vaults: D:13-14

Altars:
Ashenzari
Cheibriados
Dithmenos
Elyvilon
Fedhas
Gozag
Hepliaklqana
Kikubaaqudgha
Makhleb
Nemelex Xobeh
Okawaru
Qazlal
Sif Muna
Uskayaw
Vehumet
Wu Jian
Xom
Yredelemnul
Zin
The Shining One
Beogh
Jiyva

Shops:
D:8 ?   D:11 [   D:12 *(!   Orc:2 *:[(

Annotations:
D:9 exclusion: orange crystal statue
Lair:2 exclusion: oklob plant
Lair:3 3 runed translucent doors, Huasawuy's ghost, journeyman TrWz; Luuwnalu's ghost, journeyman KoHu


Innate Abilities, Weirdness & Mutations

You are resistant to damage.
You can heal yourself by infusing magical energy.
You resist negative energy. (rN+)
You passively map the area around you.
You do not regenerate.


Message History

You slice the titanic slime creature!!
The titanic slime creature is severely wounded.
You block the titanic slime creature's attack.
You slash the titanic slime creature!
The titanic slime creature is severely wounded.
You block the titanic slime creature's attack.
There are monsters nearby!
Unknown command.
There are monsters nearby!
You slash the titanic slime creature!
The titanic slime creature is severely wounded.
The titanic slime creature barely misses you.
You slice the titanic slime creature!!
The titanic slime creature is almost dead.
The titanic slime creature hits you!!!! The titanic slime creature hits you!
You slash the titanic slime creature!
The titanic slime creature is almost dead.
The titanic slime creature hits you!!!!
Ouch! That really hurt!
You die...

#.###.......† >..
#..###)). *#.#
.........)( #.#
*#####.###... #.#
#.# #... #.# #.#
#... #J# #.# #..[
#J# #.# #... #@#
#.###.#.
#(#########.......
#.................
##################


You could see a titanic slime creature, a slime creature and a friendly +5
spectral broad axe (summoned).

Vanquished Creatures
  Rupert (Lair:5)
  Gastronok (Lair:1)
  An orc warlord (Orc:2)
  Nessos (Orc:2)
  A minotaur (Gauntlet)
  Fannar (Lair:1)
  A boulder beetle (Lair:6)
  A catoblepas (Lair:5)
  A centaur warrior (D:13)
  6 hydras
  Erica (D:9)
  6 two-headed ogres
  3 orc high priests (Orc:2)
  19 death yaks
  Urug (Lair:6)
  Pikel (D:9)
  5 orc knights
  4 ugly things
  A deep elf mage (D:13)
  A manticore (D:13)
  6 orc sorcerers
  A cyclops (D:9)
  6 cane toads
  6 elephants (Lair:5)
  2 black mambas
  A centaur skeleton (D:11)
  A torpor snail (Lair:6)
  2 rime drakes
  6 komodo dragons
  9 trolls
  A tengu conjurer (D:13)
  6 polar bears
  A queen bee (Lair:3)
  3 hornets (Lair:6)
  Grinder (D:5)
  19 dream sheep
  A meliai zombie (D:13)
  Prince Ribbit (D:5)
  15 blink frogs
  3 redbacks (Lair:3)
  12 spriggans (Lair:6)
  37 yaks
  A wraith (D:13)
  5 wyverns
  3 basilisks (Lair:2)
  Eustachio (D:6)
  A vampire mosquito (D:13)
  A steam dragon (D:9)
  3 wargs
  2 soldier ants (D:13)
  16 water moccasins
  A soldier ant (shapeshifter) (Gauntlet)
  An acid dragon (D:11)
  Duvessa (D:7)
  2 hell hounds (Gauntlet)
  4 ice beasts
  30 orc warriors
  2 eyes of draining
  3 sky beasts
  25 wolves
  6 black bears
  A phantom (D:8)
  20 centaurs
  11 ogres
  5 boggarts (Lair:6)
  2 lemures (D:9)
  A big kobold (D:11)
  12 bullfrogs
  Dowan (D:7)
  2 scorpions
  23 killer bees (Lair:3)
  3 wights (D:11)
  2 vampire bats (D:4)
  4 howler monkeys
  An electric eel (Lair:1)
  3 lava snakes (D:9)
  5 quasits
  2 bullfrog zombies
  4 jellies
  31 orc priests
  Crazy Yiuf (D:3)
  6 bullfrog skeletons
  4 hounds
  20 orc wizards
  2 iguanas
  6 worker ants
  4 hell rats (Lair:6)
  6 gnolls
  14 adders
  2 shadow imps (D:8)
  A white imp (D:9)
  An adder skeleton (D:9)
  7 worms
  3 dart slugs
  6 leopard geckos
  111 orcs
  7 bats
  4 bat skeletons (D:4)
  2 bat zombies (D:4)
  2 giant cockroaches
  9 goblins
  11 hobgoblins
  10 jackals
  7 quokkas
  6 frilled lizards
  A giant cockroach zombie (D:6)
  14 kobolds
  10 rats
715 creatures vanquished.

Vanquished Creatures (collateral kills)
  An orc warlord (Orc:2)
  A hell beast (Gauntlet)
  2 orc sorcerers (Orc:2)
  A troll (Orc:2)
  A raiju (Gauntlet)
  5 orc warriors (Orc:2)
  A lightning spire (Gauntlet)
12 creatures vanquished.

Vanquished Creatures (others)
  An orc priest (D:6)
  An orc (D:9)
  A bush (Lair:6)
  51 fungi
  40 plants
  4 withered plants (Lair:3)
98 creatures vanquished.

Grand Total: 825 creatures vanquished

Notes
Turn   | Place    | Note
-------+----------+-------------------------------------------
     0 | D:1      | Aviak the Deep Dwarf Fighter began the quest for the Orb.
     0 | D:1      | Reached XP level 1. HP: 20/20 MP: 1/1
   151 | D:1      | Reached XP level 2. HP: 25/27 MP: 2/2
   491 | D:1      | Reached XP level 3. HP: 27/34 MP: 3/3
   854 | D:2      | Reached XP level 4. HP: 18/42 MP: 4/4
  1330 | D:2      | Reached XP level 5. HP: 23/49 MP: 5/5
  1342 | D:2      | Found a glowing golden altar of the Shining One.
  1732 | D:3      | Found a blossoming altar of Fedhas.
  1865 | D:3      | Found a runed translucent door.
  1866 | D:3      | Noticed Crazy Yiuf
  1879 | D:3      | Killed Crazy Yiuf
  1880 | D:3      | Reached XP level 6. HP: 40/55 MP: 2/5
  2157 | D:4      | Found a radiant altar of Vehumet.
  2195 | D:4      | Reached skill level 5 in Armour
  2195 | D:4      | Reached skill level 5 in Shields
  2541 | D:4      | Found an ancient bone altar of Kikubaaqudgha.
  2551 | D:4      | Reached XP level 7. HP: 32/66 MP: 6/6
  2674 | D:5      | Entered Level 5 of the Dungeon
  2686 | D:5      | Noticed Prince Ribbit
  2786 | D:5      | Reached skill level 5 in Axes
  2792 | D:5      | Noticed Grinder
  2795 | D:5      | Paralysed by Grinder for 7 turns
  2822 | D:5      | Killed Grinder
  2914 | D:5      | Killed Prince Ribbit
  2915 | D:5      | Reached skill level 5 in Fighting
  2915 | D:5      | Reached XP level 8. HP: 26/74 MP: 6/6
  3202 | D:6      | Noticed Eustachio
  3219 | D:6      | Killed Eustachio
  3454 | D:6      | Found a stormy altar of Qazlal.
  3480 | D:6      | Found a staircase to the Ecumenical Temple.
  3515 | Temple   | Entered the Ecumenical Temple
  3599 | Temple   | Became a worshipper of Makhleb the Destroyer
  3799 | D:7      | Reached skill level 1 in Invocations
  3939 | D:7      | Gained mutation: You passively map the area around you.
                  | [Deep Dwarf growth]
  3939 | D:7      | Reached XP level 9. HP: 75/82 MP: 7/7
  3997 | D:7      | Noticed Duvessa
  3998 | D:7      | Noticed Dowan
  4003 | D:7      | Killed Duvessa
  4004 | D:7      | Reached skill level 2 in Invocations
  4023 | D:7      | Killed Dowan
  4210 | D:8      | Noticed a two-headed ogre
  4265 | D:8      | Found Boinea's Magic Scroll Emporium.
  4283 | D:8      | Found a broken altar of Ashenzari.
  4473 | D:8      | Killed a two-headed ogre
  4474 | D:8      | Reached skill level 4 in Invocations
  4486 | D:8      | Found a staircase to the Lair.
  4699 | D:8      | Bought 2 scrolls of teleportation for 84 gold pieces
  5089 | D:9      | Reached * piety under Makhleb
  5128 | D:9      | Noticed a cyclops
  5142 | D:9      | Killed a cyclops
  5143 | D:9      | Reached skill level 5 in Invocations
  5143 | D:9      | Reached XP level 10. HP: 75/92 MP: 6/6
  5168 | D:9      | Noticed an orange crystal statue
  5189 | D:9      | Noticed Pikel
  5211 | D:9      | Killed Pikel
  5432 | D:9      | Reached skill level 6 in Invocations
  5465 | D:9      | Noticed Erica
  5474 | D:9      | Killed Erica
  5679 | D:9      | Found an iron altar of Okawaru.
  5786 | D:9      | Found an ornate altar of the Wu Jian Council.
  5912 | D:10     | Entered Level 10 of the Dungeon
  5915 | D:10     | Reached ** piety under Makhleb
  6311 | D:10     | Reached skill level 7 in Invocations
  6457 | D:10     | Noticed a two-headed ogre
  6462 | D:10     | Killed a two-headed ogre
  6463 | D:10     | Reached XP level 11. HP: 92/103 MP: 7/7
  6759 | D:11     | Noticed a brown ugly thing
  6786 | D:11     | Killed a brown ugly thing
  6805 | D:11     | Found Unaokk's Armour Shop.
  6822 | D:11     | Found a flagged portal.
  6834 | Bailey   | Entered a bailey
  6850 | Bailey   | Reached *** piety under Makhleb
  6972 | Bailey   | Noticed an orc knight
  7030 | D:11     | Reached skill level 8 in Invocations
  7154 | D:11     | Found a gate leading to a gauntlet.
  7158 | Gauntlet | Entered a Gauntlet
  7158 | Gauntlet | Found a transporter.
  7158 | Gauntlet | Found a transporter.
  7159 | Gauntlet | Found a transporter.
  7162 | Gauntlet | Found a transporter.
  7162 | Gauntlet | Found a transporter.
  7165 | Gauntlet | Noticed a dire elephant
  7172 | Gauntlet | Found a transporter.
  7174 | Gauntlet | Found a transporter.
  7175 | Gauntlet | Found the +10 tower shield of Ignorance {rN+ Int-4}
  7176 | Gauntlet | Found a transporter.
  7178 | Gauntlet | Noticed a green ugly thing
  7178 | Gauntlet | Noticed a white ugly thing
  7181 | Gauntlet | Noticed a hell beast
  7181 | Gauntlet | Noticed a glowing orange brain
  7186 | Gauntlet | Found a transporter.
  7279 | Gauntlet | Found a transporter.
  7291 | Gauntlet | Found a transporter.
  7301 | Gauntlet | Found a transporter.
  7403 | Gauntlet | Reached skill level 10 in Armour
  7403 | Gauntlet | Reached skill level 10 in Shields
  7410 | Gauntlet | Got a scorched helmet
  7416 | Gauntlet | Identified the +1 helmet "Vistepiu" {Str+6} (You found it
                  | in a Gauntlet)
  7454 | Gauntlet | Killed a hell beast
  7461 | Gauntlet | Reached **** piety under Makhleb
  7477 | Gauntlet | Got a twitching silver ring
  7479 | Gauntlet | Identified the ring of Yvote {+Inv rF- rN+ Will+ Str+2}
                  | (You found it in a Gauntlet)
  7494 | Gauntlet | Identified the +10 morningstar "Conservator" {vorpal,
                  | rElec}
  7494 | Gauntlet | Identified the +7 hand crossbow of Prescription {freeze,
                  | rElec rF- Str+4 Int+2}
  7494 | Gauntlet | Identified the amulet "Duxtol" {RegenMP *Slow rPois rF+
                  | Str+3}
  7494 | Gauntlet | Noticed a minotaur
  7503 | Gauntlet | Killed a minotaur
  7511 | Gauntlet | Got a distressingly furry scale mail
  7521 | D:11     | Reached skill level 10 in Axes
  7540 | D:11     | Identified the cursed +0 scale mail of Rationality {Will+}
                  | (You found it in a Gauntlet)
  7569 | D:11     | Reached skill level 9 in Invocations
  8055 | Lair:1   | Entered Level 1 of the Lair of Beasts
  8086 | Lair:1   | Noticed a five-headed hydra
  8106 | Lair:1   | Killed a nine-headed hydra
  8369 | Lair:1   | Noticed Gastronok
  8386 | Lair:1   | Killed Gastronok
  8387 | Lair:1   | Reached XP level 12. HP: 89/114 MP: 9/9
  8438 | Lair:1   | Noticed Fannar
  8462 | Lair:1   | Killed Fannar
  8877 | Lair:2   | Reached skill level 10 in Invocations
  8998 | Lair:2   | Noticed a six-headed hydra
  9007 | Lair:2   | Killed a nine-headed hydra
  9023 | Lair:2   | Found a staircase to the Shoals.
  9707 | Lair:3   | Noticed a five-headed hydra
  9719 | Lair:3   | Killed a 13-headed hydra
  9719 | Lair:3   | Reached ***** piety under Makhleb
  9797 | Lair:3   | Reached skill level 11 in Invocations
 10080 | Lair:3   | Reached XP level 13. HP: 123/123 MP: 11/11
 10102 | Lair:3   | Found a hole to the Spider Nest.
 10118 | Lair:3   | Found a runed translucent gate.
 10119 | Lair:3   | Found a runed translucent gate.
 10120 | Lair:3   | Found a runed translucent gate.
 10175 | Lair:3   | Noticed Luuwnalu's ghost (journeyman KoHu)
 10175 | Lair:3   | Noticed Huasawuy's ghost (journeyman TrWz)
 10609 | Lair:4   | Reached skill level 10 in Fighting
 11841 | Lair:5   | Gained mutation: You resist negative energy. (rN+) [Deep
                  | Dwarf growth]
 11841 | Lair:5   | Reached XP level 14. HP: 133/133 MP: 12/12
 11924 | Lair:5   | Reached skill level 12 in Invocations
 11964 | Lair:5   | Noticed Rupert
 11979 | Lair:5   | Killed Rupert
 12223 | Lair:6   | Entered Level 6 of the Lair of Beasts
 12292 | Lair:6   | Found a staircase to the Slime Pits.
 12301 | Lair:6   | Found a viscous altar of Jiyva.
 12327 | Lair:6   | Noticed Urug
 12343 | Lair:6   | HP: 6/133 [death yak (17)]
 12419 | Lair:6   | Reached XP level 15. HP: 140/140 MP: 13/13
 12421 | Lair:6   | Killed Urug
 12422 | Lair:6   | Reached ****** piety under Makhleb
 12423 | Lair:6   | Reached skill level 13 in Invocations
 13526 | D:12     | Found Todotoph's General Store.
 13531 | D:12     | Found Hobunin's Weapon Shoppe.
 13560 | D:12     | Bought a potion of heal wounds for 85 gold pieces
 13577 | D:12     | Found Ylihek's Distillery.
 13603 | D:12     | Bought a potion of resistance for 160 gold pieces
 13603 | D:12     | Bought 2 potions of curing for 96 gold pieces
 13603 | D:12     | Bought a potion of might for 64 gold pieces
 13603 | D:12     | Bought a potion of might for 64 gold pieces
 13603 | D:12     | Bought a potion of might for 64 gold pieces
 13619 | D:12     | Found a staircase to the Orcish Mines.
 14122 | D:12     | Found a roughly hewn altar of Beogh.
 14145 | Orc:1    | Entered Level 1 of the Orcish Mines
 14740 | Orc:2    | Entered Level 2 of the Orcish Mines
 14805 | Orc:2    | Found Fodwuhus's Antique Weapon Shop.
 14820 | Orc:2    | Found a staircase to the Elven Halls.
 14879 | Orc:2    | Noticed an orc warlord
 14884 | Orc:2    | Noticed an orc warlord
 14905 | Orc:2    | Found Xireh's General Store.
 14932 | Orc:2    | Killed an orc warlord
 14933 | Orc:2    | Reached skill level 14 in Invocations
 14970 | Orc:2    | Bought a scroll of enchant weapon for 97 gold pieces
 14970 | Orc:2    | Bought a +2 pair of gloves of strength for 279 gold pieces
 15031 | Orc:2    | Found Pouggoen's Antique Armour Boutique.
 15032 | Orc:2    | Noticed Nessos
 15065 | Orc:2    | Killed Nessos
 15066 | Orc:2    | Reached skill level 1 in Dodging
 15271 | Orc:2    | Found Setirch's Book Shoppe.
 15282 | Orc:2    | Killed an orc warlord
 15539 | D:13     | Reached XP level 16. HP: 152/152 MP: 14/14
 15682 | D:13     | Annihilated by a titanic slime creature

Illustrated notes

Levels and vault maps discovered:
D:1:      saegor_arrival_simple_a, layout_basic, minmay_pentomino_t2
D:2:      layout_loops_cross, overflow_temple_1_default
D:3:      layout_rooms, fedhas_altar_3, uniq_crazy_yiuf_cottage
D:4:      layout_basic, kennysheep_vampire_church, fiery_altar_vehumet
D:5:      layout_cave_pools, uniq_grinder, uniq_prince_ribbit1
D:6:      layout_rooms, minmay_temple_entry_waves, dk_noncrumbling_4,
          nicolae_qazlal_eye_of_the_storm, uniq_eustachio
D:7:      layout_cave_pools, minmay_misc_feat_plants, uniq_duvessa
D:8:      layout_basic, dpeg_oklobed_lair, serial_shops,
          nicolae_shop_waterfront, cheibrodos_ashenzari_chains
D:9:      layout_roguey, pdpol_wu_jian_five_deadly_venoms,
          lemuel_coloured_pillars_altar, minmay_hedge_maze,
          serial_bayou_lagoon_a, skrybe_limestone_x, disabler_island,
          uniq_erica, uniq_pikel
D:10:     layout_cave_pods
D:11:     layout_roguey, gauntlet_entry_generic, enter_bailey_7, serial_shops,
          kennysheep_mini
D:12:     layout_loops_ring, minmay_orc_entry_temple_small, serial_shops,
          shop_fountains, shop, shop, grunt_ministairs_8
D:13:     layout_loops_ring, minivault_20, door_vault
Temple:   eino_temple_rhombus
Lair:1:   layout_gridlike, serial_bayou, serial_bayou_shore_a,
          serial_bayou_pond_b, serial_bayou_pond_d, serial_bayou_pond_b,
          grunt_megastairs_5, uniq_gastronok, uniq_fannar
Lair:2:   layout_roguey, elwin_shoals_entry_rocks, st_stairs_11,
          beast_lair_carwin_5, grunt_megastairs_4, minmay_lair_oklob_chamber
Lair:3:   layout_roguey [special_room_bee], spider_nest_entry_webs,
          gammafunk_ghost_cemetery
Lair:4:   layout_cave_pods
Lair:5:   layout_roguey, grunt_forest_stairs_basic, uniq_rupert
Lair:6:   minmay_lair_end_enchanted_forest, layout_cave_pods, slime_altar_1,
          infiniplex_staircase_pool_2, uniq_urug
Orc:1:    minmay_goldmine, layout_diamond_mine, nicolae_orc_crystal_geode
Orc:2:    grunt_orc_gardens, layout_diamond_mine, grunt_orc_garden,
          grunt_orc_garden, grunt_orc_garden, grunt_orc_garden, uniq_nessos

Skill      XL: |  1  2  3  4  5  6  7  8  9 10 11 12 13 14 15 |
---------------+----------------------------------------------+-----
Fighting       | 3 4 5 6 7 9 10 11 | 11.9
Axes           | 3 4 5 6 7 9 10 11 12 13 | 13.6
Armour         | 4 5 6 7 8 9 10 11 12 13 | 13.8
Shields        | 4 5 6 7 8 9 10 11 12 13 | 13.8
Invocations    | 1 5 7 9 11 12 14 | 14.0
Evocations     | 8 |  8.6
Dodging        | 2 |  2.2

Action                   |  1- 3 |  4- 6 |  7- 9 | 10-12 | 13-15 | 16-18 || total
-------------------------+-------+-------+-------+-------+-------+-------++-------
Melee: War axe           |    99 |   276 |   362 |   672 |   255 |       ||  1664
       Broad axe         |       |       |       |       |   454 |    37 ||   491
Invok: Lesser Servant of |       |       |       |     5 |     2 |       ||     7
       Major Destruction |       |       |       |       |     1 |       ||     1
       Greater Servant o |       |       |       |       |     1 |       ||     1
 Abil: Heal Wounds       |       |     4 |    27 |    18 |    17 |       ||    66
Evoke: Wand              |       |       |       |    10 |     3 |       ||    13
       Lightning rod     |       |       |       |     7 |       |       ||     7
       Condenser vane    |       |       |       |     1 |     1 |       ||     2
  Use: Scroll            |       |       |     3 |     3 |    29 |       ||    35
       Potion            |       |       |     2 |       |     1 |       ||     3
 Stab: Fleeing           |       |       |       |       |     1 |       ||     1
       Distracted        |       |       |       |       |     4 |       ||     4
Armor: Scale mail        |    54 |   130 |   127 |   318 |   259 |       ||   888
       Plate armour      |       |       |       |       |    12 |     3 ||    15
Dodge: Dodged            |    37 |    87 |   105 |   206 |   168 |     3 ||   606
Block: Kite shield       |    50 |   154 |   202 |   280 |       |       ||   686
       Tower shield      |       |       |       |   669 |  1149 |    31 ||  1849
